 Dungeon Crawl Stone Soup version 0.24.0-123-gd5b16e6ec5 (webtiles) character file.

Game seed: 5542350245592755864, levelgen mode: deterministic

949 Sery3mCrawls the Magician (level 8, 57/57 HPs)
             Began as a Gnoll Wizard on Jan 13, 2020.
             Was a Follower of Okawaru.
             Quit the game on level 5 of the Dungeon.
             The game lasted 00:16:02 (7493 turns).

Sery3mCrawls the Magician (Gnoll Wizard)            Turns: 7493, Time: 00:16:03

Health: 57/57      AC:  2    Str: 10    XL:     8   Next: 13%
Magic:  19/19      EV: 14    Int: 23    God:    Okawaru [*.....]
Gold:   178        SH:  4    Dex: 13    Spells: 11/22 levels left

rFire    . . .     SeeInvis .   q - +2 dagger (venom)
rCold    . . .     Gourm    .   w - +0 buckler
rNeg     . . .     Faith    .   a - +0 robe
rPois    .         Spirit   .   b - +0 hat
rElec    .         Reflect  .   (no cloak)
rCorr    +         Harm     .   (no gloves)
MR       .....                  (no boots)
Stlth    +++.......             (no amulet)
HPRegen  0.19/turn              j - ring of resist corrosion
MPRegen  0.16/turn              v - ring of flight

@: no status effects
A: distributed training, fangs 1, strong nose
a: Heroism, Renounce Religion, Evoke Flight


You were on level 5 of the Dungeon.
You worshipped Okawaru.
Okawaru was aware of your devotion.
You were not hungry.

You visited 2 branches of the dungeon, and saw 6 of its levels.
You also visited: Ossuary.

You collected 178 gold pieces.

Inventory:

Hand Weapons
 m - a +0 hunting sling
 q - a +2 dagger of venom (weapon)
Armour
 a - a +0 robe (worn)
 b - a +0 hat (worn)
 w - a +0 buckler (worn)
 B - the +1 chain mail "Aggamaci" {rC+ Regen+ Dex+3 Slay+2}
   (You found it on level 5 of the Dungeon)

   It affects your dexterity (+3).
   It affects your accuracy and damage with ranged weapons and melee attacks
   (+2).
   It protects you from cold.
   It increases your rate of regeneration.
Jewellery
 j - a ring of resist corrosion (left hand)
 v - a ring of flight (right hand)
Scrolls
 h - 4 scrolls of remove curse
 i - a scroll of enchant weapon {unknown}
 l - 4 scrolls of magic mapping
 p - 4 scrolls of teleportation {unknown}
 s - 3 scrolls of identify {unknown}
 t - 2 scrolls of immolation {unknown}
 u - 2 scrolls of enchant armour {unknown}
 y - 3 scrolls of amnesia {unknown}
 z - a scroll of fog {unknown}
 A - a scroll of blinking {unknown}
 D - 5 scrolls of random uselessness {unknown}
Potions
 c - a potion of haste {unknown}
 e - 6 potions of curing {unknown}
 f - a potion of cancellation {unknown}
 g - 12 potions of degeneration {unknown}
 k - a potion of agility
 n - a potion of berserk rage {unknown}
 o - a potion of ambrosia {unknown}
 r - a potion of magic {unknown}
 x - a potion of flight {unknown}
 C - a potion of mutation {unknown}
 E - a potion of lignification {unknown}
 F - a potion of brilliance {unknown}
 G - a potion of heal wounds {unknown}
Comestibles
 d - 7 rations


   Skills:
 + Level 2.9 Fighting
 + Level 2.9 Short Blades
 + Level 2.9 Long Blades
 + Level 2.9 Axes
 + Level 2.9 Maces & Flails
 + Level 2.9 Polearms
 + Level 2.9 Staves
 + Level 2.9 Slings
 + Level 2.9 Bows
 + Level 2.9 Crossbows
 + Level 2.9 Throwing
 + Level 2.9 Armour
 + Level 5.5 Dodging
 + Level 5.1 Stealth
 + Level 2.9 Shields
 + Level 2.9 Unarmed Combat
 + Level 7.8 Spellcasting
 + Level 3.2 Conjurations
 + Level 2.3 Hexes
 + Level 2.3 Charms
 + Level 3.2 Summonings
 + Level 2.3 Necromancy
 + Level 3.2 Translocations
 + Level 2.3 Transmutations
 + Level 2.3 Fire Magic
 + Level 2.3 Ice Magic
 + Level 2.3 Air Magic
 + Level 2.3 Earth Magic
 + Level 2.3 Poison Magic
 + Level 3.2 Invocations
 + Level 2.9 Evocations


You had 11 spell levels left.
You knew the following spells:

 Your Spells              Type           Power        Failure   Level  Hunger
a - Magic Dart            Conj           ###.         1%          1    None
b - Call Imp              Summ           ###.....     3%          2    None
e - Conjure Flame         Conj/Fire      ###.....     8%          3    None
f - Mephitic Cloud        Conj/Pois/Air  ###.....     8%          3    None
i - Blink                 Tloc           N/A          3%          2    None

Your spell library contained the following spells:

 Spells                   Type           Power        Failure   Level  Hunger
 Summon Small Mammal      Summ           ###.         1%          1    None
 Slow                     Hex            ###.....     4%          2    None
 Call Canine Familiar     Summ           ###.....     6%          3    None
 Summon Guardian Golem    Hex/Summ       ###.....     8%          3    None
 Summon Ice Beast         Ice/Summ       ###.....     24%         4    ###....
 Summon Lightning Spire   Summ/Air       ###.....     24%         4    ###....


Dungeon Overview and Level Annotations

Branches:
Dungeon (5/15)             Temple (1/1) D:4         Ossuary (visited)

Altars:
Ashenzari
Cheibriados
Dithmenos
Elyvilon
Fedhas
Gozag
Hepliaklqana
Kikubaaqudgha
Makhleb
Nemelex Xobeh
Okawaru
Qazlal
Ru
Sif Muna
Trog
Uskayaw
Vehumet
Wu Jian
Xom
Yredelemnul
Zin
The Shining One

Annotations:
D:5 Blork the orc, Grinder


Innate Abilities, Weirdness & Mutations

Your experience applies equally to all skills.
You have very sharp teeth.
Your uncanny sense of smell can sniff out nearby items.


Message History

Done waiting.
You open the door.
An orc zombie comes into view.
You barely miss the orc zombie. You hit the orc zombie.
The orc zombie is heavily damaged.
The orc zombie barely misses you.
You hit the orc zombie.
You destroy the orc zombie!
Okawaru accepts your kill.
There is an open door here.
There is an open door here.
There is an open door here.
There is an open door here.
There is an empty arch of ancient stone here.
There is a gate leading back out of this place here.
Welcome back to the Dungeon!
Level annotation: Blork the orc, Grinder
There is a collapsed entrance here.
Are you sure you want to abandon this character and quit the game? (Confirm with "yes".)

*,,,,,,,,,,,,******#...#
***********,,* #...#
**** #...# #...# ###
#...# ##8## #...# #...#
#...# #...###...#
#.@...∩...# #...###...#
#...# #...# ##8## #...#
### #...# #...# #...#
*...# *,,,*


There were no monsters in sight!

Vanquished Creatures
  An orc warrior (D:4)
  A phantom (D:3)
  A scorpion (D:4)
  2 centaur zombies
  4 orc priests
  A human zombie (Ossuary)
  A hound (D:3)
  A bullfrog skeleton (D:4)
  2 orc wizards (D:4)
  An iguana (D:4)
  A worker ant (D:4)
  A big kobold zombie (Ossuary)
  3 mummies (Ossuary)
  8 adders
  An adder skeleton (D:4)
  5 worms
  2 dart slugs
  4 leopard geckos
  8 orcs
  A ball python (D:4)
  7 bats
  8 giant cockroaches
  A gnoll zombie (Ossuary)
  14 goblins
  9 hobgoblins
  18 jackals
  2 quokkas
  5 frilled lizards
  A goblin zombie (Ossuary)
  A hobgoblin zombie (Ossuary)
  11 kobolds
  A kobold zombie (Ossuary)
  An orc zombie (Ossuary)
  11 rats
139 creatures vanquished.

Vanquished Creatures (collateral kills)
  A scorpion (D:4)
  2 hounds
  An orc (D:3)
  A hobgoblin (D:3)
  A bat (D:3)
6 creatures vanquished.

Grand Total: 145 creatures vanquished

Notes
Turn   | Place    | Note
-------+----------+-------------------------------------------
     0 | D:1      | Sery3mCrawls the Gnoll Wizard began the quest for the Orb.
     0 | D:1      | Reached XP level 1. HP: 13/13 MP: 8/8
    58 | D:1      | Reached XP level 2. HP: 19/19 MP: 1/10
    70 | D:1      | Learned a level 2 spell: Call Imp
    73 | D:1      | Learned a level 2 spell: Blink
   519 | D:1      | Reached XP level 3. HP: 25/25 MP: 5/11
   856 | D:1      | Learned a level 3 spell: Conjure Flame
   860 | D:1      | Learned a level 3 spell: Mephitic Cloud
  1010 | D:1      | Reached skill level 1 in Invocations
  1483 | D:2      | Reached skill level 1 in Fighting
  1483 | D:2      | Reached skill level 1 in Short Blades
  1483 | D:2      | Reached skill level 1 in Long Blades
  1483 | D:2      | Reached skill level 1 in Axes
  1483 | D:2      | Reached skill level 1 in Maces & Flails
  1483 | D:2      | Reached skill level 1 in Polearms
  1483 | D:2      | Reached skill level 1 in Staves
  1483 | D:2      | Reached skill level 1 in Slings
  1483 | D:2      | Reached skill level 1 in Bows
  1483 | D:2      | Reached skill level 1 in Crossbows
  1483 | D:2      | Reached skill level 1 in Throwing
  1483 | D:2      | Reached skill level 1 in Armour
  1483 | D:2      | Reached skill level 1 in Shields
  1483 | D:2      | Reached skill level 1 in Unarmed Combat
  1483 | D:2      | Reached skill level 1 in Evocations
  1483 | D:2      | Reached XP level 4. HP: 27/32 MP: 5/13
  1574 | D:2      | Reached skill level 1 in Hexes
  1574 | D:2      | Reached skill level 1 in Charms
  1574 | D:2      | Reached skill level 1 in Necromancy
  1574 | D:2      | Reached skill level 1 in Transmutations
  1574 | D:2      | Reached skill level 1 in Fire Magic
  1574 | D:2      | Reached skill level 1 in Ice Magic
  1574 | D:2      | Reached skill level 1 in Air Magic
  1574 | D:2      | Reached skill level 1 in Earth Magic
  1574 | D:2      | Reached skill level 1 in Poison Magic
  1999 | D:2      | Reached XP level 5. HP: 31/37 MP: 0/14
  2736 | D:3      | Noticed an ice beast
  3286 | D:3      | Reached XP level 6. HP: 44/44 MP: 10/16
  4278 | D:4      | Found a staircase to the Ecumenical Temple.
  4314 | D:4      | Reached skill level 5 in Dodging
  4724 | Temple   | Entered the Ecumenical Temple
  4899 | Temple   | Became a worshipper of Warmaster Okawaru
  5281 | D:4      | Noticed an orc warrior
  5287 | D:4      | Noticed a phantom
  5288 | D:4      | Reached XP level 7. HP: 34/50 MP: 6/18
  5427 | D:3      | Reached * piety under Okawaru
  5785 | D:4      | Reached skill level 5 in Stealth
  6371 | D:5      | Entered Level 5 of the Dungeon
  6381 | D:5      | Got a transparent chain mail
  6395 | D:5      | Noticed Grinder
  6429 | D:5      | Noticed Blork the orc
  6591 | D:5      | Identified the +1 chain mail "Aggamaci" {rC+ Regen+ Dex+3
                  | Slay+2} (You found it on level 5 of the Dungeon)
  6637 | D:5      | Found a stormy altar of Qazlal.
  6679 | D:5      | Found a sand-covered staircase.
  6687 | Ossuary  | Entered an ossuary
  6741 | Ossuary  | Reached XP level 8. HP: 34/57 MP: 19/19
  7493 | D:5      | Quit the game

Levels and vault maps discovered:
D:1:      nicolae_arrival_memento_mori, layout_rooms
D:2:      minmay_alternating_diamond, layout_loops_ring
D:3:      layout_rooms, minmay_misc_feat_five, hangedman_decor_push
D:4:      layout_loops_ring, minmay_temple_entry_wispy, minmay_quadrilaterals
D:5:      layout_basic, grunt_qazlal_sundering, chequers_ossuary_entry_cave,
          first_ration, okawaru_gym_becter, uniq_sigmund, uniq_blork_the_orc,
          uniq_grinder
Temple:   minmay_crystal_snake_temple

Skill      XL: |  1  2  3  4  5  6  7 |
---------------+----------------------+-----
Conjurations   | 2 3 |  3.2
Summonings     | 2 3 |  3.2
Translocations | 2 3 |  3.2
Invocations    | 1 2 3 |  3.2
Fighting       | 1 2 |  2.9
Short Blades   | 1 2 |  2.9
Long Blades    | 1 2 |  2.9
Axes           | 1 2 |  2.9
Maces & Flails | 1 2 |  2.9
Polearms       | 1 2 |  2.9
Staves         | 1 2 |  2.9
Slings         | 1 2 |  2.9
Bows           | 1 2 |  2.9
Crossbows      | 1 2 |  2.9
Throwing       | 1 2 |  2.9
Armour         | 1 2 |  2.9
Shields        | 1 2 |  2.9
Unarmed Combat | 1 2 |  2.9
Evocations     | 1 2 |  2.9
Hexes          | 1 2 |  2.3
Charms         | 1 2 |  2.3
Necromancy     | 1 2 |  2.3
Transmutations | 1 2 |  2.3
Fire Magic     | 1 2 |  2.3
Ice Magic      | 1 2 |  2.3
Air Magic      | 1 2 |  2.3
Earth Magic    | 1 2 |  2.3
Poison Magic   | 1 2 |  2.3
Dodging        | 5 |  5.5
Stealth        | 5 |  5.1
Spellcasting   | |  7.8

Action                   |  1- 3 |  4- 6 |  7- 9 || total
-------------------------+-------+-------+-------++-------
Melee: Club              |    13 |     1 |       ||    14
       Bite              |     1 |     4 |    23 ||    28
       War axe           |       |     5 |       ||     5
       Dagger            |       |    30 |   129 ||   159
 Cast: Magic Dart        |    93 |   177 |    72 ||   342
       Mephitic Cloud    |       |     6 |       ||     6
       Conjure Flame     |       |     7 |     1 ||     8
       Call Imp          |       |     5 |     2 ||     7
       Blink             |       |     2 |     1 ||     3
Evoke: Wand              |       |     2 |       ||     2
  Use: Scroll            |       |       |     3 ||     3
 Stab: Confused          |       |     2 |     2 ||     4
       Distracted        |       |       |     1 ||     1
  Eat: Chunk             |     2 |     8 |     4 ||    14
       Ration            |       |     1 |     1 ||     2
Armor: Robe              |     7 |     4 |     3 ||    14
       Chain mail        |       |       |    23 ||    23
Dodge: Dodged            |    37 |    58 |    66 ||   161
Block: Buckler           |       |       |    26 ||    26
